 Dungeon Crawl Stone Soup version 0.30.1-11-g7821555f0a (webtiles) character file.

Game seed: 5848337869635337014

508248 Kagerus the Merfolkian Porcupine (level 25, -57/218 (219) HPs)
             Began as a Merfolk Gladiator on Nov 2, 2023.
             Was a High Priest of Okawaru.
             Killed from afar by an ancient lich (68 damage)
             ... with a crystal spear
             ... in the Arena on Nov 4, 2023.
             The game lasted 05:03:22 (63964 turns).

Kagerus the Merfolkian Porcupine (MfGl)            Turns: 63964, Time: 05:03:23

HP:   -57/218 (219) AC: 40    Str: 18    XL:     25   Next: 4%
MP:   22/28         EV: 10    Int: 21    God:    Okawaru [*****.]
Gold: 1388          SH: 27    Dex: 26    Spells: 22/26 levels left

rFire   + + .        L - +9 demon trident (flame)
rCold   + . .        a - +6 kite shield "Jaetyne" {+Inv Will+ Int-4}
rNeg    + + .        M - +9 gold dragon scales of Mofedamu {rPois rF+ rC+ Slay+2}
rPois   +            l - +4 helmet "Picsusk" {Will- rCorr Int+5}
rElec   .            Z - -1 cloak "Weti" {+Inv rN+ Will+ Int+5}
rCorr   +            k - +0 pair of gloves of Ofra {+Blink rF+ Will+}
SInv    +            T - +2 pair of boots
Will    +++++        J - amulet of regeneration Stlth
                     S - ring "Variseg" {Drain Will+++ Int+4 Dex+6 Slay-2}
HPRegen 1.36/turn    G - ring "Sosmun" {rN+ SInv}
MPRegen 0.21/turn

%: no passive effects
@: corroded, studying Summonings, lightly drained, duelling
A: (nimble swimmer 2), mertail, large bone plates 1, subdued magic 1
}: 3/15 runes: decaying, serpentine, silver
a: Renounce Religion, Evoke Blink, Evoke Invisibility, Heroism, Finesse, Duel


You were in the Arena.
You worshipped Okawaru.
Okawaru was extremely pleased with you.
You visited 9 branches of the dungeon, and saw 43 of its levels.
You visited the Abyss 1 time.
You also visited: Ossuary.

You collected 6023 gold pieces.
You spent 4635 gold pieces at shops.

Inventory:

Hand Weapons
 e - the +9 lance "Wyrmbane" {slay drac, rPois rF+ rC+ AC+3}
   (You took it off a deep elf high priest on level 5 of the Vaults)

   AC:        It affects your AC (+3).
   rF:        It protects you from fire.
   rC:        It protects you from cold.
   rPois:     It protects you from poison.
 I - the +7 trident of the Shallot {heavy, Dex+3}
   (You took it off a deep elf annihilator on level 3 of the Elven Halls)

   Dex:       It affects your dexterity (+3).
 L - a +9 demon trident of flaming (weapon)
Missiles
 m - 26 poisoned darts
 v - 14 silver javelins
 C - 10 atropa-tipped darts
 D - 18 curare-tipped darts (quivered)
 H - 4 throwing nets
Armour
 a - the +6 kite shield "Jaetyne" (worn) {+Inv Will+ Int-4}
   (Okawaru gifted it to you on level 8 of the Dungeon)

   Int:       It affects your intelligence (-4).
   +Inv:      It lets you turn invisible.
   Will:      It increases your willpower.
 k - the +0 pair of gloves of Ofra (worn) {+Blink rF+ Will+}
   (You bought it in a shop on level 8 of the Dungeon)

   rF:        It protects you from fire.
   +Blink:    It lets you blink.
   Will:      It increases your willpower.
 l - the +4 helmet "Picsusk" (worn) {Will- rCorr Int+5}
   (Okawaru gifted it to you on level 3 of the Snake Pit)

   Int:       It affects your intelligence (+5).
   rCorr:     It protects you from acid and corrosion.
   Will:      It decreases your willpower.
 M - the +9 gold dragon scales of Mofedamu (worn) {rPois rF+ rC+ Slay+2}
   (You bought it in a shop on level 8 of the Dungeon)

   Slay:      It affects your accuracy & damage with ranged weapons and melee
   (+2).
   rF:        It protects you from fire.
   rC:        It protects you from cold.
   rPois:     It protects you from poison.
 T - a +2 pair of boots (worn)
 X - the +2 hat of the Bear Spirit {Spirit, Bear, *Rage Will++}
   (You found it on level 3 of the Elven Halls)

   Bear:      Going berserk makes the wearer exceptionally tough, and they are
   slowed for a shorter time afterward.
   *Rage:     It berserks you when you make melee attacks (+20% chance).
   Will:      It greatly increases your willpower.
 Z - the -1 cloak "Weti" (worn) {+Inv rN+ Will+ Int+5}
   (Okawaru gifted it to you on level 1 of the Orcish Mines)

   Int:       It affects your intelligence (+5).
   rN:        It protects you from negative energy.
   +Inv:      It lets you turn invisible.
   Will:      It increases your willpower.
Jewellery
 y - the ring "Yniehuli" {rElec rPois Stlth+}
   (You took it off a vault warden on level 5 of the Vaults)

   [ring of poison resistance]

   rElec:     It insulates you from electricity.
   rPois:     It protects you from poison.
   Stlth:     It makes you more stealthy.
 G - the ring "Sosmun" (right hand) {rN+ SInv}
   (You bought it in a shop on level 2 of the Orcish Mines)

   [ring of see invisible]

   rN:        It protects you from negative energy.
   SInv:      It lets you see invisible.
 J - an amulet of regeneration (around neck)
 S - the ring "Variseg" (left hand) {Drain Will+++ Int+4 Dex+6 Slay-2}
   (You took it off a spriggan defender on level 2 of the Depths)

   [ring of dexterity]

   Int:       It affects your intelligence (+4).
   Dex:       It affects your dexterity (+6).
   Slay:      It affects your accuracy & damage with ranged weapons and melee
   (-2).
   Drain:     It drains your maximum health when unequipped.
   Will:      It greatly increases your willpower.
Wands
 w - a wand of flame (182)
 A - a wand of polymorph (11)
 B - a wand of acid (29)
 E - a wand of roots (31)
 K - a wand of digging (19)
 O - a wand of paralysis (24)
 W - a wand of mindburst (44)
Scrolls
 c - 6 scrolls of poison
 d - 17 scrolls of teleportation
 i - 7 scrolls of fear
 j - a scroll of enchant weapon
 r - 8 scrolls of fog
 t - 5 scrolls of magic mapping
 z - 9 scrolls of immolation
 F - 3 scrolls of brand weapon
 N - 4 scrolls of enchant armour
 P - 2 scrolls of blinking
 U - 28 scrolls of identify
 V - a scroll of silence
Potions
 b - a potion of resistance
 f - 3 potions of magic
 g - 4 potions of ambrosia
 h - 7 potions of brilliance
 n - a potion of berserk rage {unknown}
 o - 7 potions of cancellation
 p - 6 potions of haste
 q - 5 potions of might
 s - 8 potions of lignification
 u - 9 potions of heal wounds
 x - 5 potions of invisibility
 Q - 18 potions of curing
 R - 6 potions of flight
Miscellaneous
 Y - a condenser vane


   Skills:
 + Level 22.8 Fighting
 O Level 27 Polearms
 - Level 3.2 Throwing
 * Level 20.1 Armour
 - Level 12.1 Dodging
 + Level 18.2 Shields
 - Level 1.0 Spellcasting
 - Level 6.0 Hexes
 - Level 7.0 Invocations
 - Level 6.8 Evocations


You had 22 spell levels left.
You knew the following spells:

 Your Spells              Type           Power      Damage    Failure   Level
a - Slow                  Hex            80%        N/A       54%         1
b - Confusing Touch       Hex            20%        N/A       89%         3

Your spell library contained the following spells:

 Spells                   Type           Power      Damage    Failure   Level
 Ensorcelled Hibernation  Hex/Ice        20%        N/A       98%         2
 Apportation              Tloc           0%         N/A       100%        1
 Foxfire                  Conj/Fire      0%         2x1d4     100%        1
 Kiss of Death            Conj/Necr      0%         2d5       100%        1
 Magic Dart               Conj           0%         1d3       100%        1
 Necrotise                Necr           0%         1d4       100%        1
 Blink                    Tloc           0%         N/A       100%        2
 Cigotuvi's Dreadful Rot  Necr/Pois/Air  0%         N/A       100%        2
 Lesser Beckoning         Tloc           0%         N/A       100%        2
 Momentum Strike          Conj/Tloc      0%         3d8       100%        2
 Passwall                 Tmut/Erth      0%         N/A       100%        2
 Scorch                   Fire           0%         2d5       100%        2
 Searing Ray              Conj           0%         2d4       100%        2
 Sublimation of Blood     Necr           0%         N/A       100%        2
 Wereblood                Tmut           0%         N/A       100%        2
 Dazzling Flash           Conj/Hex       20%        N/A       100%        3
 Inner Flame              Hex/Fire       10%        N/A       100%        3
 Ozocubu's Armour         Ice            0%         N/A       100%        3
 Portal Projectile        Hex/Tloc       20%        N/A       100%        3
 Stone Arrow              Conj/Erth      0%         3d7       100%        3
 Swiftness                Air            0%         N/A       100%        3
 Vampiric Draining        Necr           0%         2d6       100%        3
 Volatile Blastmotes      Fire/Tloc      0%         2d10      100%        3
 Dispel Undead            Necr           0%         3d6       100%        4
 Flame Wave               Conj/Fire      0%         2d4       100%        4
 Fulminant Prism          Conj/Hex       5%         3d7       100%        4
 Iskenderun's Mystic Bla  Conj/Tloc      0%         2d3       100%        4
 Leda's Liquefaction      Hex/Erth       5%         N/A       100%        4
 Olgreb's Toxic Radiance  Pois           0%         N/A       100%        4
 Sticky Flame             Conj/Fire      0%         2d3       100%        4
 Agony                    Necr           0%         N/A       100%        5
 Alistair's Intoxication  Tmut/Pois      0%         N/A       100%        5
 Arcjolt                  Conj/Air       0%         1d10      100%        5
 Blade Hands              Tmut           0%         N/A       100%        5
 Borgnjor's Vile Clutch   Necr/Erth      0%         N/A       100%        5
 Fireball                 Conj/Fire      0%         3d3       100%        5
 Freezing Cloud           Conj/Ice/Air   0%         6-21      100%        5
 Irradiate                Conj/Tmut      0%         3d11      100%        5
 Lee's Rapid Deconstruct  Erth           0%         3d4*      100%        5
 Metabolic Englaciation   Hex/Ice        5%         N/A       100%        5
 Yara's Violent Unravell  Hex/Tmut       5%         3d4       100%        5
 Conjure Ball Lightning   Conj/Air       0%         3x3d6     100%        6
 Eringya's Noxious Bog    Tmut/Pois      0%         N/A       100%        6
 Iron Shot                Conj/Erth      0%         9d1       100%        6
 Plasma Beam              Fire/Air       0%         2x1d11    100%        6
 Starburst                Conj/Fire      0%         6d3       100%        6
 Statue Form              Tmut/Erth      0%         N/A       100%        6
 Dragon Form              Tmut           0%         N/A       100%        7
 Orb of Destruction       Conj           0%         9d5       100%        7
 Storm Form               Tmut/Air       0%         N/A       100%        7
 Discord                  Hex            10%        N/A       100%        8
 Ignition                 Fire           0%         3d3       100%        8
 Lehudib's Crystal Spear  Conj/Erth      0%         10d2      100%        8
 Maxwell's Capacitive Co  Air            0%         ∞         100%        8
 Necromutation            Tmut/Necr      0%         N/A       100%        8
 Tukima's Dance           Hex            Unusable   N/A       N/A         3
 Summon Small Mammal      Summ           Unusable   N/A       N/A         1
 Summon Guardian Golem    Hex/Summ       Unusable   N/A       N/A         3
 Animate Armour           Summ/Erth      Unusable   N/A       N/A         4
 Summon Ice Beast         Ice/Summ       Unusable   N/A       N/A         4
 Summon Lightning Spire   Summ/Air       Unusable   N/A       N/A         4
 Summon Forest            Summ/Tloc      Unusable   N/A       N/A         5
 Death Channel            Necr           Unusable   N/A       N/A         6
 Simulacrum               Ice/Necr       Unusable   N/A       N/A         6
 Summon Cactus Giant      Summ           Unusable   N/A       N/A         6
 Spellforged Servitor     Conj/Summ      Unusable   N/A       N/A         7
 Summon Hydra             Summ           Unusable   N/A       N/A         7

Dungeon Overview and Level Annotations

Branches:
Dungeon (15/15)            Temple (1/1) D:7            Lair (5/5) D:10
  Swamp (4/4) Lair:3        Snake (4/4) Lair:3        Slime (0/5) Lair:4
    Orc (2/2) D:9             Elf (3/3) Orc:2        Vaults (5/5) D:14
  Crypt (0/3) Vaults:3     Depths (4/4) D:15            Zot (0/5) Depths:4
Ossuary (visited)

Altars:
Ashenzari
Cheibriados
Dithmenos
Elyvilon
Fedhas
Gozag
Hepliaklqana
Kikubaaqudgha
Makhleb
Nemelex Xobeh
Okawaru
Qazlal
Ru
Sif Muna
Trog
Uskayaw
Vehumet
Wu Jian
Xom
Yredelemnul
Zin
The Shining One
Jiyva
Lugonu

Shops:
D:1 [   D:2 [   D:8 [[   D:14 (?!   Orc:1 (   Orc:2 [(*=*   Elf:1 [   Elf:2 *
Elf:3 ??   Vaults:3 :*?   Vaults:4 [

Portals:
Hell: Depths:1 Depths:2 Depths:3 Depths:4
Abyss: Depths:1 Depths:3
Pandemonium: Depths:2 Depths:4
Ziggurat: Depths:2
Trove: Vaults:1 (show slimy rune of Zot)

Annotations:
D:10 1 runed translucent door
Swamp:3 1 runed translucent door, contendunt's ghost, adept MiFi
Vaults:4 1 runed translucent door, Tang's ghost, master DsGl


Innate Abilities, Weirdness & Mutations

((You are very nimble when in or above water. (Stealth+, EV+, Speed+++)))
Your lower body shifts to a powerful aquatic tail in water.
You are partially covered in large bone plates. (SH +4)
Your spells are a little easier to cast, but a little less powerful.


Message History

You hit the ancient lich but do no damage.
You block the ancient lich's attack.
You hit the ancient lich but do no damage.
The spectator shouts with approval.
The ancient lich points at you and mumbles some strange words.
The bolt of acid hits you! You resist.
You barely miss the ancient lich. You block the ancient lich's attack.
You impale the ancient lich!! You burn the ancient lich.
The ancient lich is moderately damaged.
You block the ancient lich's attack.
You puncture the ancient lich!
The ancient lich is moderately damaged.
You block the ancient lich's attack.
You barely miss the ancient lich.
The ancient lich is moderately damaged.
The ancient lich casts a spell at you. The bolt of acid hits you. You resist.
The acid corrodes you!
You hit the ancient lich. You burn the ancient lich.
The ancient lich is moderately damaged.
The ancient lich touches you. You partially resist.
You feel drained.
You puncture the ancient lich! You burn the ancient lich.
The ancient lich is heavily damaged.
The ancient lich touches you but does no damage.
You impale the ancient lich!! You burn the ancient lich.
The ancient lich is severely damaged.
The ancient lich touches you but does no damage.
You impale the ancient lich!! You burn the ancient lich.
The ancient lich is almost destroyed.
You hit the ancient lich. You burn the ancient lich.
The ancient lich is almost destroyed.
The ancient lich casts a spell at you. The crystal spear hits you!!!!
* * * LOW HITPOINT WARNING * * *
The ancient lich touches you but does no damage.
You hit the ancient lich but do no damage.
The ancient lich is almost destroyed.
The ancient lich points at you and mumbles some strange words.
The crystal spear hits you!!!
You die...
Okawaru crowns the ancient lich victorious!

#########
##..▓∩▓..##
##.p▓▓▓▓▓p.##
##.p▓▓...▓▓p.##
#.p▓▓.....▓▓p.#
#.▓▓.......▓▓.#
#▓▓.........▓▓#
#▓.....@L....▓#
#▓▓.........▓▓#
#.▓▓.......▓▓.#
#.p▓▓.....▓▓p.#
##.p▓▓...▓▓p.##
##..▓▓▓▓▓p.##
##..p#...##
#### ####


You could see an ancient lich (fast).

Vanquished Creatures
  2 dread liches
  2 ancient liches (Vaults:5)
  Mara (Arena)
  Vv (Arena)
  Vashnia (Snake:4)
  Nikola (Arena)
  3 golden dragons
  The ghost of Peloso the Hoplite, an adept MiFi of Okawaru (Vaults:2)
  A bone dragon (Depths:4)
  A hellephant (Depths:2)
  Jorgrun (Arena)
  Mlioglotl (Swamp:1)
  A lich (Depths:1)
  5 tentacled monstrosities
  3 quicksilver dragons
  6 titans (Vaults:5)
  3 deep elf blademasters
  2 deep elf master archers (Elf:3)
  A kraken (Swamp:2)
  An ancient champion (Vaults:1)
  Kirke (D:15)
  8 tengu reavers
  3 sphinxes (Vaults:5)
  The ghost of Fama the Severer, an adept DsBe of Trog (Elf:2)
  2 storm dragons
  A shadow dragon (Depths:2)
  2 thorn hunters
  A fenstrider witch (Swamp:3)
  2 fenstrider witches (shapeshifter) (Vaults:5)
  The ghost of OmG the Gelid, an adept DsIE of Ashenzari (Elf:2)
  8 nagarajas
  A draconian knight (Depths:4)
  7 frost giants
  6 fire giants
  4 deep elf sorcerers (Elf:3)
  2 iron dragons (Vaults:5)
  Aizul (Snake:4)
  18 vault wardens
  A draconian stormcaller (Depths:4)
  A cacodemon (Depths:3)
  2 deep elf elementalists (Elf:3)
  21 very ugly things
  2 orc warlords
  2 caustic shrike skeletons
  6 war gargoyles
  21 ironbound preservers
  20 stone giants
  5 spriggan defenders
  A green draconian (Depths:4)
  The ghost of kalagan the Eclecticist, a journeyman DECj of Sif Muna (Elf:2)
  4 ironbound thunderhulks
  A vampire knight (Vaults:3)
  2 black draconians (Depths:4)
  3 eleionomae (Swamp:4)
  11 deep elf demonologists
  2 dire elephants (Snake:4)
  8 deep elf annihilators (Elf:3)
  5 bunyips
  3 spark wasps (Depths:3)
  A bunyip (shapeshifter) (Depths:1)
  An eidolon (Vaults:3)
  9 deep elf death magi
  10 ettins
  7 fire dragons
  2 entropy weavers
  5 great orbs of eyes
  5 deep elf high priests
  A merfolk impaler (Depths:3)
  A crystal guardian (Vaults:4)
  A salamander tyrant (Snake:3)
  4 ice dragons
  An ice dragon (shapeshifter) (Depths:4)
  4 peacekeepers
  4 shambling mangroves
  3 rakshasas
  30 hydras
  9 yaktaur captains
  40 vault guards
  3 ghost crabs
  5 centaur warriors
  12 alligators
  An ogre mage (Vaults:5)
  4 spriggan air magi
  24 anacondas
  4 boulder beetles
  5 catoblepae
  A death knight (Vaults:3)
  A two-headed ogre (D:8)
  17 ironbound frosthearts
  6 deep troll shamans
  9 hell hogs (Depths:2)
  12 naga warriors
  3 tengu warriors
  10 death yaks
  24 deep elf knights
  Urug (Lair:4)
  23 dancing weapons
  5 deep troll earth magi
  2 vampire magi
  7 spriggan berserkers
  8 naga sharpshooters
  3 orc high priests
  4 shock serpents
  A soul eater (Depths:2)
  3 salamander mystics
  2 skeletal warriors (D:15)
  Nergalle (D:12)
  4 goliath frogs
  2 iron trolls
  2 skysharks
  2 storm dragon skeletons (Vaults:2)
  A sixfirhy (Depths:4)
  4 spriggan druids
  A death drake (shapeshifter) (Depths:2)
  2 sea snakes (Snake:3)
  3 glowing orange brains
  2 shadow demons (Depths:1)
  A glowing orange brain (shapeshifter) (Vaults:5)
  7 bog bodies
  A spark wasp zombie (D:15)
  11 naga ritualists
  8 swamp dragons
  A tengu zombie (Vaults:2)
  37 deep trolls
  Pikel (D:7)
  20 deep elf archers
  11 lindwurms
  4 phantasmal warriors (Vaults:5)
  8 wizards
  A sphinx zombie (Depths:1)
  49 ugly things
  11 harpies
  8 orc sorcerers
  24 deep elf zephyrmancers
  An oklob plant (Lair:4)
  16 ironbound convokers
  7 necromancers
  A sphinx skeleton (D:15)
  16 orc knights
  31 deep elf pyromancers
  12 mana vipers
  A fire giant zombie (Depths:1)
  3 cyclopes
  8 large abominations (Depths:3)
  2 will-o-the-wisps
  6 manticores
  17 elephants
  A fire giant skeleton (Depths:1)
  18 salamanders
  2 stone giant skeletons
  A guardian serpent (shapeshifter) (D:15)
  13 naga magi
  6 guardian serpents
  An elf zombie (Vaults:3)
  A rust devil (Depths:4)
  A cane toad (shapeshifter) (D:15)
  53 black mambas
  13 cane toads
  22 vault sentinels
  3 unseen horrors
  3 rime drakes
  An efreet (D:14)
  4 kobold demonologists
  A human skeleton (Vaults:3)
  19 yaktaurs
  3 freezing wraiths
  A tengu conjurer (D:13)
  7 komodo dragons
  2 yaktaur skeletons
  A meliai (D:14)
  2 polar bears (Lair:3)
  6 trolls
  6 tyrant leeches
  29 hornets
  A spriggan zombie (Depths:1)
  11 blink frogs
  A raiju (shapeshifter) (D:14)
  Sigmund (D:5)
  2 air elementals
  36 slime creatures
  A vampire (D:11)
  An ettin skeleton (Depths:1)
  20 spriggans
  67 yaks
  6 hogs (D:15)
  4 wyverns
  A basilisk (D:10)
  11 water elementals
  A golden eye (shapeshifter) (Elf:2)
  2 chaos spawn
  2 redbacks (Vaults:1)
  22 vampire mosquitoes
  A steam dragon (D:5)
  Edmund (D:5)
  8 swamp worms
  6 wargs
  6 acid dragons
  34 nagas
  17 water moccasins
  A hell hound (Snake:3)
  4 small abominations (Depths:3)
  10 swamp drakes
  An ice beast (D:8)
  41 orc warriors
  2 sky beasts (D:7)
  4 black bears
  An ettin simulacrum (Depths:1)
  7 ogres
  3 boggarts
  27 wolves
  2 lemures (D:7)
  5 centaurs
  2 phantoms (D:4)
  4 kobold brigands
  Blork the orc (D:5)
  10 bullfrogs
  A gnoll sergeant (D:9)
  5 scorpions
  4 wights (D:6)
  8 killer bees
  3 electric eels
  4 howler monkeys
  3 lava snakes (Lair:3)
  2 centaur zombies (Ossuary)
  3 human zombies
  3 jellies
  5 hounds
  17 orc priests
  A gnoll bouda (D:5)
  2 sleepcaps
  4 iguanas
  20 orc wizards
  6 mummies
  6 gnolls
  9 adders
  A shadow imp (D:6)
  A white imp (D:7)
  3 ufetubi
  A worm (D:2)
  3 dart slugs
  53 orcs
  13 bats
  2 endoplasms
  A giant cockroach (D:1)
  A gnoll zombie (Ossuary)
  5 goblins
  5 hobgoblins
  6 jackals (D:1)
  14 kobolds
  6 quokkas
  6 ball pythons
  4 frilled lizards
  3 goblin zombies
  A hobgoblin zombie (Ossuary)
  A kobold zombie (Ossuary)
  3 rats
  A rat zombie (D:4)
  4 tentacles (Swamp:2)
1767 creatures vanquished.

Vanquished Creatures (others)
  A fire giant (Depths:3)
  A naga warrior (Snake:4)
  A tengu warrior (D:14)
  2 deep elf knights (Elf:3)
  A deep elf pyromancer (Elf:2)
  A bloated husk (Swamp:1)
  A hornet (Swamp:4)
  A water elemental (Elf:3)
  A swamp worm (Swamp:4)
  An orc (Orc:2)
  18 foxfires
  20 tentacles (Swamp:2)
49 creatures vanquished.

Grand Total: 1816 creatures vanquished

Notes
Turn   | Place    | Note
-------+----------+-------------------------------------------
     0 | D:1      | Kagerus the Merfolk Gladiator began the quest for the Orb.
     0 | D:1      | Reached XP level 1. HP: 16/16 MP: 1/1
   173 | D:1      | Reached XP level 2. HP: 23/23 MP: 2/2
   388 | D:1      | Found Junof's Armour Boutique.
   405 | D:1      | Reached XP level 3. HP: 28/29 MP: 3/3
   724 | D:2      | Reached skill level 5 in Polearms
   737 | D:2      | Learned a level 1 spell: Slow
   962 | D:2      | Reached skill level 1 in Hexes
  1385 | D:2      | Found a faded altar of an unknown god.
  1397 | D:2      | Reached XP level 4. HP: 18/35 MP: 4/4
  1616 | D:2      | Found Hibaqa's Armour Boutique.
  2584 | D:3      | Reached XP level 5. HP: 41/41 MP: 5/5
  2740 | D:4      | Noticed a phantom
  2753 | D:4      | Noticed a phantom
  2783 | D:4      | Killed a phantom
  2784 | D:4      | Reached skill level 6 in Polearms
  2911 | D:4      | Found a sand-covered staircase.
  2918 | Ossuary  | Entered an ossuary
  2953 | Ossuary  | Reached XP level 6. HP: 34/47 MP: 6/6
  3045 | Ossuary  | Reached skill level 7 in Polearms
  3212 | Ossuary  | Reached skill level 8 in Polearms
  3603 | D:4      | Reached skill level 1 in Armour
  3603 | D:4      | Reached XP level 7. HP: 52/53 MP: 3/7
  3829 | D:5      | Entered Level 5 of the Dungeon
  4111 | D:5      | Noticed Sigmund
  4292 | D:5      | Killed Sigmund
  4349 | D:5      | Reached XP level 8. HP: 61/61 MP: 8/8
  4661 | D:5      | Reached skill level 5 in Fighting
  4720 | D:5      | Noticed Blork the orc
  4830 | D:5      | Noticed Edmund
  4837 | D:5      | Learned a level 3 spell: Confusing Touch
  4857 | D:5      | Killed Edmund
  5147 | D:5      | Killed Blork the orc
  5883 | D:2      | Bought a +3 leather armour of poison resistance for 210
                  | gold pieces
  6114 | D:6      | Reached skill level 5 in Armour
  6140 | D:6      | Identified the +0 leather armour "Zuennawu" {Rampage}
  6287 | D:6      | Reached XP level 9. HP: 69/69 MP: 9/9
  6296 | D:6      | Reached skill level 9 in Polearms
  6739 | D:6      | Found a glowing golden altar of the Shining One.
  6752 | D:6      | Reached skill level 10 in Polearms
  7237 | D:7      | Reached skill level 1 in Spellcasting
  7657 | D:7      | Found a sacrificial altar of Ru.
  7703 | D:7      | Found a staircase to the Ecumenical Temple.
  7764 | Temple   | Entered the Ecumenical Temple
  7911 | Temple   | Became a worshipper of Warmaster Okawaru
  7978 | D:8      | Reached skill level 5 in Hexes
  7992 | D:8      | Noticed Pikel
  8157 | D:8      | Found a snail-covered altar of Cheibriados.
  8788 | D:7      | Killed Pikel
  8788 | D:7      | Reached * piety under Okawaru
  8789 | D:7      | Reached XP level 10. HP: 50/80 MP: 9/11
  8943 | D:8      | Found Qoty's Armour Shop.
  9142 | D:8      | Found Lip Zoam's Antique Armour Shop.
 10082 | D:9      | Found a burning altar of Makhleb.
 10110 | D:9      | Found a bloodstained altar of Trog.
 10231 | D:9      | Found a staircase to the Orcish Mines.
 10406 | D:9      | Reached ** piety under Okawaru
 10430 | D:9      | Identified the +4 short sword of Geogem {antimagic, rElec
                  | Str+5 Int-3 Stlth+}
 11024 | D:9      | Noticed a two-headed ogre
 11175 | D:8      | Reached skill level 11 in Polearms
 11948 | D:10     | Entered Level 10 of the Dungeon
 12139 | D:10     | Reached skill level 1 in Shields
 12376 | D:10     | Noticed a stone giant
 12377 | D:10     | Found a runed translucent door.
 12379 | D:10     | Noticed a wolf spider
 12379 | D:10     | Noticed an eight-headed hydra
 12379 | D:10     | Noticed a fire crab
 12379 | D:10     | Noticed a great orb of eyes
 12555 | D:10     | Reached *** piety under Okawaru
 12570 | D:10     | Found a shimmering blue altar of Sif Muna.
 12574 | D:10     | Reached skill level 12 in Polearms
 12741 | D:10     | Noticed an elephant
 12741 | D:10     | Noticed a kobold demonologist
 12857 | D:10     | Killed an elephant
 12858 | D:10     | Reached XP level 11. HP: 85/89 MP: 12/12
 12934 | D:10     | Found a staircase to the Lair.
 14779 | Lair:1   | Entered Level 1 of the Lair of Beasts
 14792 | D:10     | Reached **** piety under Okawaru
 14793 | D:10     | Identified a scroll of acquirement
 14793 | D:10     | Acquired 1029 gold pieces
 14860 | D:8      | Bought the +9 gold dragon scales of Mofedamu {rPois rF+ rC+
                  | Slay+2} for 1518 gold pieces
 15131 | D:10     | Reached skill level 13 in Polearms
 15465 | Lair:1   | Reached skill level 5 in Shields
 16135 | Lair:1   | Received a gift from Okawaru
 16343 | Lair:2   | Reached ***** piety under Okawaru
 16344 | Lair:2   | Reached XP level 12. HP: 92/97 MP: 13/13
 16385 | Lair:2   | Noticed a six-headed hydra
 16494 | Lair:2   | Killed a six-headed hydra
 16612 | Lair:2   | Received a gift from Okawaru
 16811 | Lair:2   | Noticed a skyshark
 16833 | Lair:2   | Killed a skyshark
 17064 | Lair:2   | Received a gift from Okawaru
 17313 | Lair:2   | Reached skill level 1 in Invocations
 17707 | Lair:2   | Reached skill level 14 in Polearms
 17722 | Lair:2   | Received a gift from Okawaru
 17847 | Lair:3   | Noticed a death yak
 17848 | Lair:3   | Noticed a death yak
 17848 | Lair:3   | Noticed a death yak
 17862 | Lair:3   | Noticed a death yak
 17896 | Lair:2   | Killed a death yak
 17897 | Lair:2   | Reached skill level 5 in Invocations
 17989 | Lair:3   | Reached skill level 10 in Fighting
 18005 | Lair:3   | Noticed a catoblepas
 18051 | Lair:3   | Killed a catoblepas
 18147 | Lair:3   | Noticed a death yak
 18190 | Lair:3   | Found a staircase to the Swamp.
 18343 | Lair:2   | Reached skill level 15 in Polearms
 18343 | Lair:2   | Reached XP level 13. HP: 54/104 MP: 16/16
 18637 | Lair:3   | Found a staircase to the Snake Pit.
 19075 | Lair:3   | Received a gift from Okawaru
 19242 | Lair:3   | Reached skill level 16 in Polearms
 19694 | Lair:2   | Reached skill level 1 in Evocations
 19925 | Lair:4   | Noticed Urug
 19925 | Lair:4   | Found a staircase to the Slime Pits.
 19925 | Lair:4   | Found a viscous altar of Jiyva.
 20203 | Lair:3   | Reached ****** piety under Okawaru
 20274 | Lair:3   | Received a gift from Okawaru
 20307 | Lair:4   | Killed Urug
 21370 | Lair:5   | Entered Level 5 of the Lair of Beasts
 21780 | Lair:4   | Reached XP level 14. HP: 43/116 MP: 17/17
 21866 | Lair:5   | Identified the +5 battleaxe "Hysoc" {heavy, *Noise rPois
                  | rC+}
 21910 | Lair:5   | Identified the +6 spear "Uxkuwnecw" {heavy, Str+3} (Okawaru
                  | gifted it to you on level 5 of the Lair of Beasts)
 21910 | Lair:5   | Received a gift from Okawaru
 21923 | Lair:5   | Got Sif Muna's Grimoire of Fumes
 22238 | Lair:5   | Reached skill level 17 in Polearms
 22826 | D:8      | Identified the +6 kite shield "Jaetyne" {+Inv Will+ Int-4}
                  | (Okawaru gifted it to you on level 8 of the Dungeon)
 22826 | D:8      | Received a gift from Okawaru
 23363 | Lair:5   | Reached skill level 10 in Shields
 24352 | D:12     | You fall into a shaft and drop 2 floors!
 24355 | D:14     | Found Kepnade's Magic Scroll Shoppe.
 24602 | D:8      | Bought the +0 pair of gloves of Ofra {+Blink rF+ Will+} for
                  | 373 gold pieces
 24898 | D:12     | Noticed Nergalle
 24908 | D:12     | Killed Nergalle
 25521 | Orc:1    | Entered Level 1 of the Orcish Mines
 25612 | Orc:1    | Found Siesh's Weapon Boutique.
 25661 | Orc:1    | Noticed an orc warlord
 25694 | Orc:1    | Killed an orc warlord
 25695 | Orc:1    | Reached XP level 15. HP: 64/125 MP: 18/18
 25820 | Orc:1    | Identified the -1 cloak "Weti" {+Inv rN+ Will+ Int+5}
                  | (Okawaru gifted it to you on level 1 of the Orcish Mines)
 25820 | Orc:1    | Received a gift from Okawaru
 26035 | Orc:1    | You fall into a shaft and drop 1 floor!
 26035 | Orc:2    | Entered Level 2 of the Orcish Mines
 26118 | Orc:2    | Reached skill level 18 in Polearms
 26278 | Orc:2    | Found a staircase to the Elven Halls.
 26695 | Orc:1    | Reached skill level 5 in Evocations
 26794 | Orc:2    | Noticed an orc warlord
 26816 | Orc:2    | Killed an orc warlord
 26929 | Orc:2    | Found Suruilush's Antique Armour Emporium.
 26937 | Orc:2    | Bought a shiny helmet for 150 gold pieces
 26961 | Orc:2    | Found Lirricaz's General Store.
 27015 | Orc:2    | Found Monof's Gadget Gallery.
 27195 | Orc:2    | Found Wassina's Jewellery Emporium.
 27284 | Orc:2    | Found Taxirodu's Antique Weapon Emporium.
 27405 | Orc:2    | Bought the ring "Sosmun" {rN+ SInv} for 445 gold pieces
 27861 | D:14     | Found Dephitirch's Distillery.
 28013 | D:14     | Found Ihipn's Weapon Shop.
 28127 | D:14     | Received a gift from Okawaru
 28298 | D:14     | Received a gift from Okawaru
 28384 | D:14     | Found a gate to the Vaults.
 28709 | D:15     | Entered Level 15 of the Dungeon
 29092 | D:15     | Identified the +2 scale mail of Hairiness {rElec rF+ Will-}
                  | (Okawaru gifted it to you on level 15 of the Dungeon)
 29092 | D:15     | Received a gift from Okawaru
 29148 | D:15     | Reached XP level 16. HP: 124/134 MP: 20/20
 29206 | D:15     | Found a staircase to the Depths.
 29327 | D:15     | Noticed Kirke
 29348 | D:15     | Killed Kirke
 29396 | D:15     | Found a bloodstained altar of Trog.
 29664 | D:15     | Reached skill level 19 in Polearms
 29991 | Swamp:1  | Entered Level 1 of the Swamp
 30001 | Swamp:1  | Reached skill level 15 in Fighting
 30829 | Swamp:1  | Noticed Mlioglotl
 30832 | Swamp:1  | Gained mutation: You are partially covered in large bone
                  | plates. (SH +4) [a neqoxec]
 30866 | Swamp:1  | Killed Mlioglotl
 31678 | Swamp:2  | Noticed a kraken
 31865 | Swamp:2  | Killed a kraken
 31865 | Swamp:2  | Received a gift from Okawaru
 32184 | Swamp:3  | Noticed contendunt's ghost (adept MiFi)
 32184 | Swamp:3  | Found a runed translucent door.
 32245 | Swamp:3  | Noticed a fenstrider witch
 32257 | Swamp:3  | Killed a fenstrider witch
 32433 | Swamp:3  | Reached skill level 10 in Armour
 32921 | Swamp:3  | Received a gift from Okawaru
 33280 | Swamp:4  | Entered Level 4 of the Swamp
 33443 | Swamp:4  | Reached skill level 20 in Polearms
 33525 | Swamp:4  | Reached XP level 17. HP: 126/144 MP: 22/22
 33626 | Swamp:4  | Noticed a tentacled monstrosity
 34211 | Swamp:3  | Identified the +11 plate armour of Hedging {rPois Str-5
                  | Dex+3} (Okawaru gifted it to you on level 3 of the Swamp)
 34211 | Swamp:3  | Received a gift from Okawaru
 34990 | Swamp:4  | Got a decaying rune of Zot
 35040 | Swamp:4  | Paralysed by a hornet for 1 turns
 35229 | Swamp:4  | Killed a tentacled monstrosity
 35351 | Snake:1  | Entered Level 1 of the Snake Pit
 35979 | Snake:1  | Noticed Nikola
 35980 | Arena    | Entered the Arena
 36003 | Arena    | Killed Nikola
 36642 | Snake:1  | Received a gift from Okawaru
 36671 | Snake:1  | Reached skill level 21 in Polearms
 36824 | Snake:2  | Reached skill level 5 in Dodging
 36846 | Snake:2  | Reached XP level 18. HP: 155/155 MP: 23/23
 37993 | Snake:3  | Received a gift from Okawaru
 38862 | Snake:4  | Entered Level 4 of the Snake Pit
 38862 | Snake:4  | Noticed Aizul
 39174 | Snake:4  | Received a gift from Okawaru
 39390 | Snake:4  | Reached skill level 10 in Dodging
 40130 | Snake:4  | Reached skill level 22 in Polearms
 40539 | Snake:4  | Killed Aizul
 40727 | Snake:3  | Identified the +4 helmet "Picsusk" {Will- rCorr Int+5}
                  | (Okawaru gifted it to you on level 3 of the Snake Pit)
 40727 | Snake:3  | Received a gift from Okawaru
 40937 | Snake:4  | Reached XP level 19. HP: 123/164 MP: 24/24
 41278 | Snake:4  | Noticed Vashnia
 41350 | Snake:4  | Killed Vashnia
 41926 | Snake:4  | Got a serpentine rune of Zot
 42264 | Elf:1    | Entered Level 1 of the Elven Halls
 42566 | Elf:1    | Received a gift from Okawaru
 42718 | Elf:1    | Found Gikyitah's Armour Shoppe.
 42870 | Elf:1    | Noticed Jorgrun
 42874 | Arena    | Entered the Arena
 42888 | Arena    | Killed Jorgrun
 42929 | Elf:1    | Identified the +9 ring mail "Yhavyeg" {Harm *Corrode rPois
                  | Int+7} (Okawaru gifted it to you on level 1 of the Elven
                  | Halls)
 42929 | Elf:1    | Received a gift from Okawaru
 43483 | Elf:2    | Found Qurefauptid's General Store.
 43576 | Elf:2    | Bought a scroll of teleportation for 48 gold pieces
 43576 | Elf:2    | Bought a potion of heal wounds for 80 gold pieces
 43637 | Elf:2    | Reached skill level 23 in Polearms
 43772 | Elf:2    | Found a runed translucent gate.
 43772 | Elf:2    | Found a runed translucent gate.
 43772 | Elf:2    | Noticed Fama's ghost (adept DsBe)
 43772 | Elf:2    | Noticed OmG's ghost (adept DsIE)
 43773 | Elf:2    | Found a runed translucent gate.
 43773 | Elf:2    | Noticed kalagan's ghost (journeyman DECj)
 43910 | Elf:2    | Identified the +5 short sword of Ycsuapho {heavy, Dex+3}
 43927 | Abyss:2  | Found a corrupted altar of Lugonu.
 43927 | Abyss:2  | Cast into level 2 of the Abyss (+2 war axe of distortion)
 43948 | Elf:2    | Escaped the Abyss
 44015 | Elf:2    | Paralysed by an air elemental for 1 turns
 44069 | Elf:2    | Reached skill level 15 in Shields
 44073 | Elf:2    | Found a huge runed translucent gate.
 44073 | Elf:2    | Found a huge runed translucent gate.
 44073 | Elf:2    | Found a huge runed translucent gate.
 44073 | Elf:2    | Found a huge runed translucent gate.
 44074 | Elf:2    | Found a huge runed translucent gate.
 44183 | Elf:2    | Killed Fama's ghost
 44209 | Elf:2    | Killed OmG's ghost
 44222 | Elf:2    | Killed kalagan's ghost
 44249 | Elf:2    | Identified the +5 ring mail "Quoqiak" {rElec rN+ Slay+2}
 44593 | Elf:2    | Reached XP level 20. HP: 122/174 MP: 23/25
 44986 | Elf:2    | Received a gift from Okawaru
 45101 | Elf:3    | Entered Level 3 of the Elven Halls
 45177 | Elf:3    | Paralysed by an air elemental for 1 turns
 45402 | Elf:3    | Found Nillawno's Magic Scroll Shop.
 45403 | Elf:3    | Found Sailee's Magic Scroll Boutique.
 45413 | Elf:3    | Bought a scroll of teleportation for 51 gold pieces
 45413 | Elf:3    | Bought a scroll of magic mapping for 127 gold pieces
 45413 | Elf:3    | Bought a scroll of enchant weapon for 127 gold pieces
 45413 | Elf:3    | Bought a scroll of teleportation for 51 gold pieces
 45689 | Elf:3    | Identified the +0 plate armour of Valour {*Slow rN+++ rCorr
                  | Stlth+}
 45697 | Elf:3    | Identified the +7 trident of the Shallot {heavy, Dex+3}
 45743 | Elf:3    | Identified the ring "Kiuxyson" {EV+5 Int+4}
 45743 | Elf:3    | Identified the +7 broad axe of Sharing Painful Death
                  | {heavy, rF+ Stlth+}
 45743 | Elf:3    | Identified the ring "Piahe" {MP+9 Int+3}
 46090 | Elf:3    | Identified the +1 leather armour of the Furies {rF+ Slay+2}
 46368 | Elf:3    | Found a corrupted altar of Lugonu.
 46467 | Elf:3    | Received a gift from Okawaru
 46527 | Elf:3    | Identified the +0 robe of Melancholy {*Corrode rF+ Int+3}
 46953 | Elf:3    | Reached skill level 24 in Polearms
 47165 | Elf:3    | Found the +2 hat of the Bear Spirit {Spirit, Bear, *Rage
                  | Will++}
 47167 | Elf:3    | Got the Catalogue of Creative Therianthropy
 47249 | Elf:3    | Identified the staff of conjuration "Yrphosm" {rF+}
 47878 | Depths:1 | Entered Level 1 of the Depths
 48098 | Depths:1 | Received a gift from Okawaru
 48314 | Depths:1 | Reached XP level 21. HP: 167/183 MP: 26/26
 48553 | Depths:1 | Found a gateway to Hell.
 48590 | Depths:1 | Received a gift from Okawaru
 49048 | Depths:1 | Found a one-way gate to the infinite horrors of the Abyss.
 49116 | Depths:1 | Found a shimmering blue altar of Sif Muna.
 49130 | Depths:1 | Identified the amulet of Thoughtfulness {RegenMP Str+3}
 49287 | Depths:1 | Identified the +0 robe of Toam Less {rC- Int+4}
 49474 | Depths:2 | Found a hazy altar of Hepliaklqana.
 50159 | Depths:2 | Reached skill level 25 in Polearms
 50320 | Depths:2 | Identified the ring "Variseg" {Drain Will+++ Int+4 Dex+6
                  | Slay-2}
 51067 | Depths:2 | Got Experienced Theurgy
 51394 | Depths:2 | Found a one-way gateway to a ziggurat.
 51463 | Depths:2 | Found a one-way gate leading to the halls of Pandemonium.
 51593 | Depths:2 | Received a gift from Okawaru
 51611 | Depths:2 | Received a gift from Okawaru
 52046 | Depths:3 | Found an ancient bone altar of Kikubaaqudgha.
 52553 | Depths:3 | Noticed Vv
 52565 | Arena    | Entered the Arena
 52602 | Arena    | Killed Vv
 53198 | Depths:3 | Reached XP level 22. HP: 141/190 MP: 27/27
 53209 | Depths:3 | Received a gift from Okawaru
 53498 | Depths:4 | Entered Level 4 of the Depths
 53554 | Depths:4 | Noticed a golden dragon
 53624 | Depths:3 | Reached skill level 15 in Armour
 53761 | Depths:3 | Killed a golden dragon
 53841 | Depths:3 | Gained mutation: Your spells are a little easier to cast,
                  | but a little less powerful. [a cacodemon]
 54814 | Depths:4 | Received a gift from Okawaru
 54815 | Depths:4 | Reached skill level 26 in Polearms
 54993 | Depths:4 | Found a gate to the Realm of Zot.
 55390 | Vaults:1 | Entered Level 1 of the Vaults
 55544 | Vaults:1 | Identified the +1 pair of gloves of Egalitarianism {rPois
                  | Str+3 Dex+2} (Okawaru gifted it to you on level 1 of the
                  | Vaults)
 55544 | Vaults:1 | Received a gift from Okawaru
 56535 | Vaults:1 | Found a portal to a secret trove of treasure.
 56542 | Vaults:1 | Identified the +5 plate armour of Moral Flaws {Str+6}
 57316 | Vaults:2 | Reached XP level 23. HP: 108/199 MP: 28/28
 57660 | Vaults:2 | Found a runed translucent door.
 57944 | Vaults:2 | Noticed Peloso's ghost (adept MiFi)
 57983 | Vaults:2 | Killed Peloso's ghost
 58014 | Vaults:1 | HP: 7/200 [ancient champion/iron shot (36)]
 58313 | Vaults:2 | Got Hego's Exposition on Lithomancy
 58316 | Vaults:2 | Identified the +0 pair of boots "Leappyru" {+Blink}
 58438 | Vaults:2 | Received a gift from Okawaru
 58606 | Vaults:2 | Received a gift from Okawaru
 59122 | Vaults:3 | Reached skill level 27 in Polearms
 59148 | Vaults:3 | Found Jiuwny's Assorted Antiques.
 59254 | Vaults:3 | Found a staircase to the Crypt.
 59421 | Vaults:3 | Found Kuiwkun's Book Emporium.
 59425 | Vaults:3 | Bought a manual of Armour for 1280 gold pieces
 59600 | Vaults:3 | Found Wegueng's Magic Scroll Shop.
 59606 | Vaults:3 | Bought a scroll of magic mapping for 97 gold pieces
 59606 | Vaults:3 | Bought a scroll of teleportation for 39 gold pieces
 59606 | Vaults:3 | Bought a scroll of teleportation for 39 gold pieces
 60139 | Vaults:3 | Received a gift from Okawaru
 61098 | Vaults:4 | Noticed Mara
 61099 | Arena    | Entered the Arena
 61107 | Arena    | Noticed Kagerus's illusion
 61116 | Arena    | Killed Mara
 61282 | Vaults:4 | Received a gift from Okawaru
 61290 | Vaults:4 | Reached XP level 24. HP: 170/210 MP: 28/28
 61447 | Vaults:4 | Found a runed translucent door.
 61447 | Vaults:4 | Found a shimmering altar of Xom.
 61447 | Vaults:4 | Noticed Tang's ghost (master DsGl)
 61794 | Vaults:4 | Found Oblugama's Armour Shop.
 62014 | Vaults:5 | Entered Level 5 of the Vaults
 62024 | Vaults:5 | Identified the +0 robe "Nytreuca" {Dex+4} (Okawaru gifted
                  | it to you on level 5 of the Vaults)
 62024 | Vaults:5 | Received a gift from Okawaru
 62227 | Vaults:5 | Noticed an ancient lich
 62727 | Vaults:5 | Noticed a dread lich
 62734 | Arena    | Entered the Arena
 62769 | Arena    | Killed a dread lich
 62921 | Vaults:5 | Identified the +11 scale mail of the Present {Will+ Int+3}
 62935 | Vaults:5 | Killed an ancient lich
 62957 | Vaults:5 | Received a gift from Okawaru
 62997 | Vaults:5 | Got a silver rune of Zot
 62998 | Vaults:5 | Identified the staff of cold "Recaneq" {rC+ Str+3}
 63252 | Vaults:5 | Noticed an ancient lich
 63263 | Vaults:5 | Killed an ancient lich
 63386 | Vaults:5 | Identified the +8 chain mail of the Four Tusks {rF+ Will+
                  | Slay+3}
 63422 | Vaults:5 | Identified the ring "Yniehuli" {rElec rPois Stlth+}
 63552 | Vaults:5 | Noticed a dread lich
 63575 | Vaults:5 | Killed a dread lich
 63575 | Vaults:5 | Identified the +1 pair of boots of Eternal Vigilance {rElec
                  | Regen+ rCorr} (Okawaru gifted it to you on level 5 of the
                  | Vaults)
 63575 | Vaults:5 | Received a gift from Okawaru
 63612 | Vaults:5 | Reached XP level 25. HP: 110/219 MP: 27/28
 63796 | Vaults:5 | Identified the +10 plate armour "Ufidghav" {rC+ Will++
                  | Str+4 Int-2}
 63947 | Vaults:5 | Noticed an ancient lich
 63952 | Arena    | Entered the Arena
 63963 | Arena    | HP: 10/218 [ancient lich/crystal spear (80)]
 63964 | Arena    | Killed from afar by an ancient lich

Illustrated notes

Levels and vault maps discovered:
D:1:      lightli_arrival_maybe_door_vault, layout_basic, serial_shops,
          nicolae_shop_temple_entry_statues_fountains,
          nicolae_concentric_dashed_squares_mild, minmay_misc_feat_nine_boxes
D:2:      layout_basic, serial_shops, shop,
          shapermc_ecumenical_altar_mp_highgroup
D:3:      layout_rooms
D:4:      layout_basic, enter_ossuary_4
D:5:      layout_gridville, uniq_sigmund, uniq_blork_the_orc, uniq_edmund
D:6:      layout_gridville, nicolae_overflow_hidden_temple,
          nicolae_water_bricks, minivault_14
D:7:      layout_gridville, nicolae_ru_path_of_blood,
          minmay_temple_entry_sparse_star
D:8:      layout_rooms, slow_altar_1, serial_shops, kennysheep_mini_moat,
          nicolae_shop_peninsula, uniq_pikel
D:9:      layout_roguey, mainiacjoe_overflow_two_lobes,
          kennysheep_orc_monster_closet_entryway
D:10:     minmay_gate_of_8, layout_basic, kennysheep_orc_sif_temple,
          david_lair_generic
D:11:     layout_stronghold
D:12:     minmay_klotski, layout_rooms, uniq_nergalle
D:13:     layout_cave_pools, david_defended_altar_orc
D:14:     layout_irregular_city, lightli_vaults_fourway_checkpoint,
          serial_shops, nicolae_shop_tiny_waterfront, shop,
          nicolae_shop_rolling_square, minmay_crystal_water
D:15:     gammafunk_depths_entry_grave, layout_loops_ring, chequers_mini_garden,
          trog_three_pillars_becter, uniq_kirke
Temple:   nicolae_temple_elliptical
Lair:1:   layout_chaotic_city, columned_hall_lemuel, evilmike_ambush
          [evilmike_ambush_outer_pillars, evilmike_ambush_inner_pond]
Lair:2:   dreamdust_cave_troll, layout_loops_ring, grunt_megastairs_1
Lair:3:   layout_regular_city, skrybe_swamp_entry_bodies,
          nicolae_snake_entry_warm_welcome, chequers_serial_rivers_room_a,
          lemuel_fruit_tree, grunt_megastairs_2, serial_bayou_shore_b
Lair:4:   layout_misc_corridors, slime_entry_1, chequers_serial_rivers_room_b,
          serial_bayou_ford_a, wad_woods_river_01, uniq_urug
Lair:5:   evilmike_catoblepas_cave, layout_cave_pods, serial_bayou,
          serial_bayou_crossing, serial_bayou_pond_d, serial_bayou_pond_d,
          serial_bayou_shore_b
Swamp:1:  layout_basic_swamp, nicolae_swamp_round_clearing, uniq_mlioglotl
Swamp:2:  layout_basic_swamp, evilmike_swamp_ruin_house_2, swamp_pool3,
          nicolae_swamp_thats_no_hydra
Swamp:3:  layout_basic_swamp, ebering_ghost_inner_flame,
          infiniplex_staircase_pool
Swamp:4:  swamp_basic_johnstein, layout_basic_swamp
Snake:1:  layout_onion_interference, nicolae_triple_integral, uniq_nikola
Snake:2:  layout_misc_corridors, st_stairs_11
Snake:3:  layout_basic, grunt_ministairs_15, minmay_snake_pond
Snake:4:  grunt_snake_rune_serpentine_throne, layout_cave_town,
          beargit_elvish_explorers, uniq_vashnia, uniq_aizul
Orc:1:    layout_diamond_mine, serial_shops, nicolae_shop_tiny_statue_garden
Orc:2:    grunt_orc_cross, layout_caves, basic_altar, nicolae_shop_gadgets
Elf:1:    layout_geoelf_diagonals, serial_shops, shop, minmay_elf_demonology,
          uniq_jorgrun
Elf:2:    elven_hall_of_blades_hangedman_alternative
          [nicolae_blade_entry_sentries_behind_glass], layout_geoelf_grid,
          gammafunk_ghost_cemetery, serial_shops, shop_coins
Elf:3:    grunt_elf_hall_diamonds, layout_loops_corners,
          nicolae_elf_theology_debate, minmay_shoptagon
Vaults:1: nicolae_vaults_stepped_doors, v_misc_4, ontoclasm_vaults_fault,
          nicolae_vaults_shelves_hall, vaults_room_ringed_pool,
          nicolae_vaults_triangles, v_misc_9, vaults_dpeg_cross,
          hangedman_vaults_stretched_pinwheel, nicolae_vaults_specimen_jars,
          layout_vaults_quadrants, enter_trove_0
Vaults:2: hellmonk_ghost_big_iron, vaults_mumra_minichess,
          nicolae_vaults_doubleplus_tesselated, v_misc_2,
          nicolae_vaults_trapezoid_lopsided_4,
          nicolae_vaults_door_testing_chamber, vaults_mumra_hexcomb,
          nicolae_vaults_trapezoid_3, nicolae_vaults_mini_display_case,
          v_alt_pattern_4, v_misc_17, special_room_vaults [special_room_orc],
          hangedman_vaults_stretched_pinwheel, nicolae_vaults_little_squares_6,
          vaults_room_pool, layout_vaults_maze
Vaults:3: nicolae_vaults_asterisk, v_misc_13, v_misc_9,
          nicolae_vaults_offset_grid_hallway_4, nicolae_vaults_what_the_h,
          nicolae_vaults_tetromino_T_2, nicolae_vaults_trapezoid_2,
          vaults_dpeg_encased_lava, nicolae_vaults_double_plus_2,
          nicolae_vaults_ninety_degrees, v_misc_23, hangedman_vaults_nails,
          v_misc_30, nicolae_vaults_double_plus_2,
          minmay_crypt_entry_simple_walls, ontoclasm_vaults_hangar,
          v_alt_pattern_5, v_misc_8, layout_vaults_omnibox, serial_shops,
          nicolae_shop_rolling_square, shop, nicolae_diamond_shop
Vaults:4: ebering_ghost_xom, nicolae_vaults_security_offices_6,
          nicolae_vaults_cochlea, nicolae_vaults_wine_cellar,
          nicolae_vaults_ring_of_whatevers, nicolae_vaults_inception_scallops,
          nicolae_vaults_cornered_office, grunt_vaults_hallway_short,
          hangedman_vaults_trim, layout_vaults_omnicross, serial_shops, shop,
          uniq_mara
Vaults:5
Depths:1: layout_cave_shapes, grunt_decor_arrowhead, hell_entry,
          abyss_entry_crystal, kennysheep_nub, chequers_serial_rivers_room_a,
          st_stairs_4, dk_noncrumbling_2, hangedman_summoners_spam
Depths:2: minmay_the_grid_octo_triangle [minmay_the_grid_octo_fan_narrow,
          minmay_the_grid_octo_prize_square_snowflake,
          minmay_the_grid_octo_odd_swirl], layout_cave_shapes, enter_ziggurat_b,
          grunt_pan_entry_in_and_out, grunt_hell_horde,
          nicolae_hepliaklqana_hazy_memory
Depths:3: wad_lake_hut, layout_gridlike, minmay_room_of_horrors,
          kennysheep_cross_room, hell_entry, kiku_gazebo_garden_becter, uniq_vv
Depths:4: evilmike_zot_entry_diamond, layout_gridlike, rand_demon_pan_entry_5,
          hangedman_coc_ice_floe
Arena

Skill      XL: |  1  2  3  4  5  6  7  8  9 10 11 12 13 14 15 16 17 18 19 20 21 22 23 24 |
---------------+-------------------------------------------------------------------------+-----
Fighting       | 3 4 6 8 9 10 12 13 14 15 17 18 19 20 21 22 | 22.8
Polearms       | 5 6 8 10 12 13 15 16 17 18 20 21 22 23 24 25 26 27 | 27.0
Hexes          | 1 2 3 5 6 |  6.0
Armour         | 1 3 5 6 7 8 9 10 12 14 16 18 20 | 20.1
Spellcasting   | 1 |  1.0
Throwing       | 3 |  3.2
Shields        | 2 6 8 11 12 13 15 16 17 18 | 18.2
Invocations    | 5 6 7 |  7.0
Evocations     | 3 6 |  6.8
Dodging        | 5 12 | 12.1

Action                     |  1- 3 |  4- 6 |  7- 9 | 10-12 | 13-15 | 16-18 | 19-21 | 22-24 | 25-27 || total
---------------------------+-------+-------+-------+-------+-------+-------+-------+-------+-------++-------
  Melee: Trident           |   147 |   166 |   457 |  1402 |   794 |       |       |       |       ||  2966
         Punch             |       |     2 |     8 |     3 |       |       |       |       |       ||    13
         Glaive            |       |       |    17 |       |       |       |       |       |       ||    17
         Tailslap          |       |       |     2 |     3 |    21 |    51 |     3 |     2 |       ||    82
         Spear             |       |       |       |       |  1345 |   591 |       |       |       ||  1936
         Demon trident     |       |       |       |       |       |  1525 |  2228 |  2382 |    56 ||  6191
         Lance             |       |       |       |       |       |       |       |   124 |       ||   124
  Throw: Javelin           |       |     5 |     7 |     6 |     3 |       |       |       |       ||    21
         Dart              |       |       |    38 |    41 |     8 |    17 |     8 |       |       ||   112
         Throwing net      |       |       |     3 |       |       |       |       |       |       ||     3
         Boomerang         |       |       |       |       |       |     1 |       |       |       ||     1
   Cast: Slow              |       |     2 |     7 |     2 |       |       |       |       |       ||    11
         Confusing Touch   |       |       |     2 |     4 |       |       |       |       |       ||     6
 Invoke: Heroism           |       |       |       |     3 |     4 |     4 |     2 |     2 |       ||    15
         Finesse           |       |       |       |       |       |     3 |     4 |     3 |       ||    10
         Duel              |       |       |       |       |       |     1 |     2 |     2 |     1 ||     6
Ability: Evoke Blink       |       |       |       |       |       |     2 |       |       |       ||     2
  Evoke: Wand              |       |       |    12 |     2 |     7 |     8 |       |     4 |       ||    33
    Use: Scroll            |     8 |     6 |     5 |    12 |     5 |    12 |     9 |    13 |       ||    70
         Potion            |     1 |       |     2 |     1 |     1 |     6 |     3 |     4 |       ||    18
   Stab: Sleeping          |     2 |       |     2 |       |       |       |       |       |       ||     4
         Held in net/web   |       |       |     3 |       |       |       |       |       |       ||     3
         Confused          |       |       |     1 |     2 |       |     2 |       |       |       ||     5
         Petrified         |       |       |       |       |    10 |       |       |       |       ||    10
         Distracted        |       |       |       |       |       |       |     1 |       |       ||     1
 Armour: Leather armour    |    35 |    42 |   103 |    49 |       |       |       |       |       ||   229
         Troll leather arm |       |       |       |    67 |       |       |       |       |       ||    67
         Gold dragon scale |       |       |       |   436 |  1323 |   921 |   479 |   656 |    15 ||  3830
  Dodge: Dodged            |   108 |    66 |   229 |   243 |   110 |   187 |   145 |   274 |     7 ||  1369
  Block: Other             |       |       |    16 |    58 |       |       |       |       |       ||    74
         Reflection        |       |       |     1 |    12 |       |       |       |       |       ||    13
         Kite shield       |       |       |       |   568 |  1338 |  2136 |  1351 |  1826 |    41 ||  7260
